 Dungeon Crawl Stone Soup version 0.27-a0-1232-gc6a4cbde82 (webtiles) character file.

Game seed: 11400489396617499330

50 mordus the Cudgeller (level 3, 0/36 HPs)
             Began as a Troll Monk on June 8, 2021.
             Killed from afar by Natasha (7 damage)
             ... with a magic dart
             ... on level 2 of the Dungeon.
             The game lasted 00:01:17 (1048 turns).

mordus the Cudgeller (Troll Monk)                   Turns: 1048, Time: 00:01:18

Health: 0/36       AC:  4    Str: 19    XL:     3   Next: 55%
Magic:  2/2        EV: 10    Int:  6    God:
Gold:   48         SH:  0    Dex: 13    Spells: 2/2 levels left

rFire    . . .     SeeInvis .   a - +0 mace
rCold    . . .     Faith    .   (no shield)
rNeg     . . .     Spirit   .   b - +0 robe
rPois    .         Reflect  .   (helmet restricted)
rElec    .         Harm     .   (no cloak)
rCorr    .         Rampage  .   (gloves unavailable)
Will     .....                  (boots unavailable)
Stlth    ++........             c - amulet of the acrobat
HPRegen  1.12/turn              (no ring)
MPRegen  0.08/turn              (no ring)

@: no status effects
A: large, unfitting armour, claws 3, regeneration 1, shaggy fur 1, tough skin 1
a: no special abilities


You were on level 2 of the Dungeon.
You visited 1 branch of the dungeon, and saw 2 of its levels.

You collected 48 gold pieces.

Inventory:

Hand Weapons
 a - a +0 mace (weapon)
Armour
 b - a +0 robe (worn)
Jewellery
 c - an amulet of the acrobat (around neck)
Scrolls
 d - a scroll of amnesia {unknown}
 e - a scroll of noise {unknown}
 g - a scroll of identify {unknown}
Potions
 f - a potion of curing {unknown}


   Skills:
 - Level 2.4 Fighting
 + Level 4.2 Maces & Flails
 - Level 2.4 Dodging
 - Level 1.0 Stealth


You had 2 spell levels left.
You didn't know any spells.
Your spell library was empty.

Dungeon Overview and Level Annotations

Branches:
Dungeon (2/15)

Altars:

Annotations:
D:2 Natasha


Innate Abilities, Weirdness & Mutations

You are too large for most types of armour.
You have claws for hands.
Your natural rate of healing is unusually fast.
You are covered in fur. (AC +1)
You have tough skin. (AC +1)


Message History

The crimson imp hits you.
The crimson imp blinks!
You hit the crimson imp.
The crimson imp is lightly wounded.
The crimson imp hits you but does no damage.
The crimson imp blinks! x2
The crimson imp hits you but does no damage.
You miss the crimson imp. The crimson imp hits you.
You hit the crimson imp.
The crimson imp is moderately wounded.
The crimson imp blinks!
You hit Natasha but do no damage.
The crimson imp disappears in a puff of smoke!
The crimson imp blinks!
Natasha claws you.
The crimson imp blinks!
You hit Natasha but do no damage. Natasha casts a spell at you.
The magic dart hits you!
You barely miss Natasha.
Natasha wildly gestures.
You feel disoriented. Natasha closely misses you.
You barely miss Natasha.
Natasha stares at you and mumbles some strange words.
The magic dart hits you!
You hit Natasha.
Natasha is heavily wounded.
Natasha claws you!
* * * LOW HITPOINT WARNING * * *
Natasha claws you.
* * * LOW HITPOINT WARNING * * *
You closely miss Natasha.
Natasha is heavily wounded.
The crimson imp disappears in a puff of smoke!
Natasha claws you.
* * * LOW HITPOINT WARNING * * *
The crimson imp summons a swarm of flies.
You hit Natasha but do no damage.
Natasha is heavily wounded.
Natasha stares at you and mumbles some strange words.
The magic dart hits you!
You die...

#######.#
........#
.######.#
#†# #.#
#.# #.#
#.# #@#
#h# #5#
#.# #.#
#.# #..
###


You could see Natasha and a crimson imp (summoned).

Vanquished Creatures
  Natasha (D:2)
  An adder (D:2)
  2 ball pythons (D:1)
  A bat (D:1)
  An endoplasm (D:2)
  A goblin (D:2)
  4 hobgoblins
  A kobold (D:2)
  A quokka (D:1)
  2 frilled lizards (D:1)
  3 rats (D:1)
18 creatures vanquished.

Notes
Turn   | Place    | Note
-------+----------+-------------------------------------------
     0 | D:1      | mordus the Troll Monk began the quest for the Orb.
     0 | D:1      | Reached XP level 1. HP: 22/22 MP: 0/0
    39 | D:1      | Reached skill level 3 in Maces & Flails
   308 | D:1      | Reached XP level 2. HP: 29/29 MP: 1/1
   734 | D:1      | Found a faded altar of an unknown god.
   816 | D:2      | Noticed Natasha
   818 | D:2      | Noticed a crimson imp
   824 | D:2      | Killed Natasha
   825 | D:2      | Reached XP level 3. HP: 32/36 MP: 2/2
   829 | D:2      | Reached skill level 4 in Maces & Flails
  1025 | D:2      | Noticed Natasha
  1048 | D:2      | Killed from afar by Natasha

Illustrated notes

Levels and vault maps discovered:
D:1:      mrwooster_arrival_statue, layout_loops_ring,
          hellmonk_ecumenical_altar_leap_of_faith
D:2:      layout_loops_ring, uniq_natasha, uniq_jessica, uniq_sigmund

Skill      XL: |  1  2  3 |
---------------+----------+-----
Maces & Flails | 3 4 |  4.2
Fighting       | |  2.4
Dodging        | |  2.4
Stealth        | |  1.0

Action                   || total
-------------------------++-------
Melee: Mace              ||    72
 Stab: Sleeping          ||     1
Armor: Robe              ||    30
Dodge: Dodged            ||    31

Table legend: (Time is in decaauts)
 A = Elapsed time spent in this place.
 B = Non-inter-level travel time spent in this place.
 C = Inter-level travel time spent in this place.
 D = Time resting spent in this place.
 E = Time spent auto-exploring this place.
 F = Levels seen in this place.
 G = Mean time per level.
                   A        B        C        D        E       F      G
               +--------+--------+--------+--------+--------+-----+--------+
         Total |   1063 |    993 |     70 |    100 |    730 |   2 |  531.5 |
       Dungeon |   1063 |    993 |     70 |    100 |    730 |   2 |  531.5 |
               +--------+--------+--------+--------+--------+-----+--------+

Top non-repeatable levels by time:
     D:1: 816 daAuts
     D:2: 246 daAuts
